 Dungeon Crawl Stone Soup version 0.31-a0-204-g7da18cac08 (webtiles) character file.

Game seed: 12957761157848262281

63 qw the Shooter (level 3, -3/20 HPs)
             Began as a Deep Elf Hunter on June 27, 2023.
             Slain by Terence
             ... wielding a +0 trident
              (5 damage)
             ... on level 2 of the Dungeon.
             The game lasted 00:00:27 (1197 turns).

qw the Shooter (Deep Elf Hunter)                    Turns: 1197, Time: 00:00:28

Health: -3/20      AC:  5    Str: 10    XL:     3   Next: 89%
Magic:  5/5        EV: 11    Int: 13    God:
Gold:   49         SH:  0    Dex: 18    Spells: 2/2 levels left

rFire   . . .        Y - +1 shortbow
rCold   . . .        (shield currently unavailable)
rNeg    . . .        d - +0 ring mail
rPois   .            (no helmet)
rElec   .            (no cloak)
rCorr   .            (no gloves)
SInv    +            (no boots)
Will    .....        i - amulet of regeneration
Stlth   +            f - ring of see invisible
HPRegen 0.23/turn    (no ring)
MPRegen 0.09/turn

%: no passive effects
@: no status effects
A: no striking features
a: no special abilities


You were on level 2 of the Dungeon.
You visited 1 branch of the dungeon, and saw 2 of its levels.

You collected 93 gold pieces.
You spent 44 gold pieces at shops.


   Skills:
 - Level 1.5 Fighting
 + Level 7.3 Ranged Weapons
 - Level 2.4 Dodging
 - Level 1.2 Stealth


You had 2 spell levels left.
You didn't know any spells.
Your spell library was empty.

Inventory:

Hand Weapons
 Y - a +1 shortbow (weapon)
Armour
 d - a +0 ring mail (worn)
Jewellery
 f - a ring of see invisible (left hand)
 i - an amulet of regeneration (around neck)
Scrolls
 b - 2 scrolls of identify
 c - a scroll of immolation {unknown}
 e - a scroll of poison {unknown}
 g - a scroll of fog {unknown}
Potions
 a - a potion of attraction {unknown}
 h - a potion of mutation {unknown}

Dungeon Overview and Level Annotations

Branches:
Dungeon (2/15)

Altars:

Shops:
D:2 ?

Annotations:
D:2 Terence


Message History

Terence hits you from afar with a +0 trident. x2
Enter note:
Enter note:
Enter note:
Enter note:
Enter note:
Enter note:
1191 ||| UPGRADING to amulet of regeneration.
You start putting on your amulet.
You continue putting on your amulet of regeneration.
Terence says, "Rest in peace."
Terence closely misses you.
You continue putting on your amulet of regeneration.
Terence misses you.
You continue putting on your amulet of regeneration.
Terence hits you but does no damage.
Keep equipping yourself?
You continue putting on your amulet of regeneration.
Terence hits you but does no damage.
You continue putting on your amulet of regeneration.
Terence hits you from afar with a +0 trident.
You finish putting on your amulet of regeneration.
The amulet cannot attune itself to your injured body.
i - an amulet of regeneration (around neck)
Enter note:
Enter note: Terence closely misses you.
Enter note:
Enter note:
Enter note:
Enter note:
Enter note:
Enter note:
Enter note:
Enter note:
Enter note:
Enter note: You shoot an arrow.
The arrow barely misses Terence.
Terence hits you with a +0 trident.
You die...

########## ..# #.#
#.# #.# ##### #.#
#...### #.# #.#..>.
#.##########...### #
####.#@............##
#.##
......@##############
....: ....#..# .....
###.#..# .#.## #.#..#
.#.# #######.#).#
.#.#
#..........###### ###
.#.#
#................ ..#
.#<# #.........<#####
#.#


You could see Terence.

Vanquished Creatures
  2 adders (D:2)
  2 dart slugs (D:1)
  2 bats
  An endoplasm (D:1)
  2 giant cockroaches (D:1)
  3 goblins (D:1)
  5 hobgoblins
  7 jackals (D:1)
  A quokka (D:1)
  5 ball pythons
  3 kobolds
  2 rats (D:1)
35 creatures vanquished.

Notes
Turn   | Place    | Note
-------+----------+-------------------------------------------
     0 | D:1      | qw the Deep Elf Hunter began the quest for the Orb.
     0 | D:1      | Reached XP level 1. HP: 12/12 MP: 3/3
     0 | D:1      | 0 ||| qw: Version: 0.3-a-22-g0ed2b0b
     0 | D:1      | 0 ||| qw: Game counter: 6551
     0 | D:1      | 0 ||| qw: Melee chars always use a shield: true
     0 | D:1      | 0 ||| qw: God list: Okawaru
     0 | D:1      | 0 ||| qw: Allow faded altars: false
     0 | D:1      | 0 ||| qw: Do Orc after clearing Dungeon:15 true
     0 | D:1      | 0 ||| qw: Do second Lair branch before Depths: true
     0 | D:1      | 0 ||| qw: Lair rune preference: random
     0 | D:1      | 0 ||| qw: Goals: Normal
     0 | D:1      | 0 ||| PLANNING D:1-11
   155 | D:1      | Reached XP level 2. HP: 16/16 MP: 4/4
   157 | D:1      | 157 ||| FLEEEEING.
   167 | D:1      | Reached skill level 6 in Ranged Weapons
   409 | D:1      | Reached XP level 3. HP: 20/20 MP: 5/5
   648 | D:1      | 648 ||| UPGRADING to +0 ring mail.
   658 | D:1      | 658 ||| DROPPING +0 leather armour.
   659 | D:1      | 659 ||| UPGRADING to ring of see invisible.
   660 | D:1      | 660 ||| READING scroll labelled RUSAEG JUIRGHEM.
   661 | D:1      | 661 ||| READING scroll labelled NASTIQA QUVOIPN.
   662 | D:1      | 662 ||| READING scroll labelled GAETON ROEDE.
   663 | D:1      | 663 ||| DROPPING scroll of butterflies.
   797 | D:2      | Found Xuockif's Magic Scroll Shop.
   800 | D:2      | 800 ||| SHOPLISTING scroll of acquirement (572 gold, have
                  | 60).
   800 | D:2      | 800 ||| BUYING scroll of identify (22 gold).
   800 | D:2      | Bought a scroll of identify for 22 gold pieces
   800 | D:2      | 800 ||| BUYING scroll of identify (22 gold).
   800 | D:2      | Bought a scroll of identify for 22 gold pieces
   949 | D:2      | Reached skill level 7 in Ranged Weapons
  1179 | D:2      | Noticed Terence
  1191 | D:2      | 1191 ||| UPGRADING to amulet of regeneration.
  1195 | D:2      | HP: 2/20 [Terence/+0 trident (6)]
  1197 | D:2      | Slain by Terence

Levels and vault maps discovered:
D:1:      heliophobic_arrival_enchanted_forest, layout_loops_ring
D:2:      layout_loops_ring, serial_shops, nicolae_shop_rolled_up, uniq_terence

Skill      XL: |  1  2  3 |
---------------+----------+-----
Ranged Weapons | 6 7 |  7.3
Fighting       | |  1.5
Dodging        | |  2.4
Stealth        | |  1.2

Action                     || total
---------------------------++-------
   Fire: Shortbow          ||   110
    Use: Scroll            ||     3
 Armour: Leather armour    ||    14
         Ring mail         ||     6
  Dodge: Dodged            ||    34

Table legend:
 A = Non-vault XP
 B = Vault XP
 C = Vault XP percentage of total XP
 D = Non-vault monster count
 E = Vault monster count
 F = Vault count percentage of total count
                 A         B        C        D         E       F
            +---------+---------+-------+---------+---------+-------
      Total |      91 |       0 |   0.0 |      35 |       0 |   0.0
            +---------+---------+-------+---------+---------+-------
        D:1 |      49 |       0 |   0.0 |      25 |       0 |   0.0
        D:2 |      42 |       0 |   0.0 |      10 |       0 |   0.0
            +---------+---------+-------+---------+---------+-------
